 Dungeon Crawl Stone Soup version 0.22-a0-609-gfedc9ff (webtiles) character file.

9494 Mgcat the Cleaver (level 11, -12/80 HPs)
             Began as a Barachi Fighter on July 10, 2018.
             Was a High Priest of Okawaru.
             Mangled by a komodo dragon (20 damage)
             ... on level 8 of the Dungeon.
             The game lasted 00:30:22 (10333 turns).

Mgcat the Cleaver (Barachi Fighter)                Turns: 10333, Time: 00:30:23

Health: -12/80     AC: 14    Str: 26    XL:     11   Next: 47%
Magic:  14/14      EV: 13    Int:  9    God:    Okawaru [*****.]
Gold:   165        SH:  0    Dex: 13    Spells: 10/10 levels left

rFire    . . .     SeeInvis +   a - +0 war axe
rCold    + + +     Gourm    +   (no shield)
rNeg     . . .     Faith    .   G - +4 ring mail of the Arcane {*Slow rC+++ Regen+ Str+5}
rPois    .         Spirit   .   i - +1 helmet {SInv}
rElec    .         Reflect  .   m - +1 cloak
rCorr    .         Harm     .   (no gloves)
MR       .....                  (no boots)
Stlth    ++........             y - amulet of the gourmand {Gourm, !d}
HPRegen  0.63/turn              F - +2 ring of dexterity
MPRegen  0.14/turn              o - ring of stealth {Stlth+}

@: can't hop, slow
A: +LOS, swims, slowness 1, strong legs 1
a: Hop, Heroism, Finesse, Renounce Religion


You were on level 8 of the Dungeon.
You worshipped Okawaru.
Okawaru was extremely pleased with you.
You were completely stuffed.

You visited 2 branches of the dungeon, and saw 10 of its levels.

You collected 586 gold pieces.
You spent 421 gold pieces at shops.

Inventory:

Hand Weapons
 a - a +0 war axe (weapon)
 j - a +1 executioner's axe of chopping
   (You acquired it on level 7 of the Dungeon)
Missiles
 c - 4 curare-tipped needles
 q - 6 javelins (quivered)
 t - 2 throwing nets {=f, !d}
 H - 4 javelins of returning
Armour
 i - a +1 helmet of see invisible (worn)
   (You found it on level 2 of the Dungeon)
 m - a +1 cloak (worn)
   (You found it on level 2 of the Dungeon)
 G - the +4 ring mail of the Arcane (worn) {*Slow rC+++ Regen+ Str+5}
   (You bought it in a shop on level 8 of the Dungeon)

   It affects your strength (+5).
   It renders you almost immune to cold.
   It increases your rate of regeneration.
   It may slow you when you take damage.
Jewellery
 o - a ring of stealth (right hand) {Stlth+}
   (You took it off Josephine on level 9 of the Dungeon)
 r - a +3 ring of intelligence
   (You found it on level 2 of the Dungeon)
 y - an amulet of the gourmand (around neck) {Gourm, !d}
   (You found it on level 6 of the Dungeon)
 F - a +2 ring of dexterity (left hand)
   (You found it on level 9 of the Dungeon)
Wands
 b - a wand of polymorph (1)
   (You took it off Maurice on level 8 of the Dungeon)
 x - a wand of flame (33)
   (You found it on level 4 of the Dungeon)
 B - a wand of disintegration (19)
   (You found it on level 7 of the Dungeon)
 C - a wand of acid (10)
   (You found it on level 7 of the Dungeon)
Scrolls
 g - 2 scrolls of blinking {!r}
 l - a scroll of amnesia
 s - 4 scrolls of remove curse
 v - 6 scrolls of teleportation
 D - 2 scrolls of identify
 E - a scroll of magic mapping {!r}
Potions
 d - 2 potions of might
 e - 2 potions of curing
 h - 2 potions of brilliance
 k - 2 potions of agility
 n - 3 potions of lignification {!q}
 p - a potion of mutation {!q}
 u - 3 potions of cancellation
 w - a potion of ambrosia
 z - a potion of invisibility
 A - a potion of berserk rage {unknown}
Comestibles
 f - 23 rations
 I - a chunk of flesh {@w0}


   Skills:
 - Level 5.6 Fighting
 + Level 14.9 Axes
 - Level 5.0 Throwing
 - Level 5.4 Armour
 - Level 5.0 Dodging
   Level 3.3 Shields
 - Level 5.2 Invocations


You had 10 spell levels left.
You didn't know any spells.
Your spell library contained the following spells:

 Spells                   Type           Power        Failure   Level  Hunger
 Fireball                 Conj/Fire      #.........   100%        5    ######.
 Conjure Flame            Conj/Fire      #.......     87%         3    ####...
 Throw Flame              Conj/Fire      #.....       65%         2    ###....
 Sticky Flame             Conj/Fire      #.......     99%         4    #####..
 Flame Tongue             Conj/Fire      #....        52%         1    ##.....
 Inner Flame              Hex/Fire       #.......     87%         3    ####...


Dungeon Overview and Level Annotations

Branches:
Dungeon (9/15)             Temple (1/1) D:4            Lair (0/6) D:9
    Orc: D:9-12

Altars:
Ashenzari
Cheibriados
Dithmenos
Elyvilon
Fedhas
Gozag
Hepliaklqana
Kikubaaqudgha
Makhleb
Nemelex Xobeh
Okawaru
Qazlal
Ru
Sif Muna
Trog
Uskayaw
Vehumet
Wu Jian
Xom
Yredelemnul
Zin
The Shining One

Shops:
D:6 ?   D:8 [   D:9 %

Annotations:
D:5 1 runed door


Innate Abilities, Weirdness & Mutations

Shadows flee at your approach. (+LOS)
You can swim through water.
You cover ground slowly.
You can hop short distances.


Message History

The troll is moderately wounded.
You hit the plant but do no damage. The troll barely misses you.
The troll closely misses you. The troll claws you!
You are too injured to fight recklessly!
You are too injured to fight recklessly!
The komodo dragon bites you but does no damage.
The troll closely misses you. The troll claws you! The troll barely misses you.
The komodo dragon bites you! The troll misses you.
The troll completely misses you. The troll misses you.
You barely miss the troll.
The troll is lightly wounded.
You slash the troll!
The troll is heavily wounded.
The troll bites you! The troll claws you but does no damage.
The troll claws you!
* * * LOW HITPOINT WARNING * * *
You are confused.
You feel invigorated. The troll closely misses you.
The troll barely misses you. The troll claws you!
* * * LOW HITPOINT WARNING * * *
You hit the troll.
The troll is heavily wounded.
The troll bites you but does no damage. The troll barely misses you. x2
You slice the troll!!
You kill the troll!
Okawaru accepts your kill.
The troll leather armour is intact enough to wear.
You bump into the rock wall.
The necrophage barely misses you.
You bump into the rock wall.
The necrophage hits you.
You hit the necrophage.
The necrophage is lightly damaged.
The komodo dragon hisses menacingly.
You hit the necrophage but do no damage.
The necrophage is lightly damaged.
You feel less invigorated.
You feel less confused.
The necrophage hits you but does no damage.
You closely miss the necrophage.
The necrophage is lightly damaged.
The necrophage hits you but does no damage.
You slash the necrophage!
The necrophage is heavily damaged.
The necrophage closely misses you.
You slash the necrophage!
The necrophage is almost destroyed.
You hit the necrophage.
The necrophage is almost destroyed.
The necrophage hits you but does no damage.
You slice the necrophage!!
You destroy the necrophage!
Okawaru accepts your kill.
You hit the komodo dragon.
The komodo dragon is lightly wounded.
The komodo dragon bites you.
You hit the komodo dragon but do no damage.
The komodo dragon is lightly wounded.
You gain the combat prowess of a mighty hero.
The komodo dragon misses you.
You barely miss the komodo dragon.
The komodo dragon is lightly wounded.
The komodo dragon completely misses you.
You slash the komodo dragon!
The komodo dragon is moderately wounded.
The komodo dragon misses you.
You completely miss the komodo dragon.
The komodo dragon is moderately wounded.
The komodo dragon bites you!
You slash the komodo dragon!
The komodo dragon is severely wounded.
You hit the komodo dragon but do no damage.
The komodo dragon is severely wounded.
The komodo dragon bites you!!
* * * LOW HITPOINT WARNING * * *
You barely miss the komodo dragon.
The komodo dragon is severely wounded.
The komodo dragon bites you!
* * * LOW HITPOINT WARNING * * *
You feel better. The komodo dragon misses you.
Okay, then.
Hop to where?
Press: ? - help, Dir - move target cursor Boing!
You feel like a meek peon again.
Okay, then.
Unknown command.
Unknown command.
The komodo dragon barely misses you.
The komodo dragon bites you but does no damage.
The komodo dragon bites you.
A bullfrog skeleton comes into view.
The komodo dragon bites you but does no damage.
The komodo dragon bites you.
There is a stone staircase leading up here.
The komodo dragon bites you!!
* * * LOW HITPOINT WARNING * * *
You climb upwards.
There is a stone staircase leading down here.
The komodo dragon completely misses you.
The komodo dragon bites you!!
You die...

.........####.####.#.###.###.#.#
...................#.........#.#
........#####.##########[#####.#
........................<....#.#
....#)#######.##############.#.#
.....)))......# #.#.#
....#######...# #.#.#
....#######...######## #.#.##
................@l..># #.#...
....#######...######.# #.####
....# #.#.## #.# #.# ..(.#
#.#..# #.# #.# ....# #.##)# #.#
#.# ....# #.##)# #.# #.# ....#
#.##)#####.## #.# ....#
#...........# #.# ....#
##.......#..# #.#


You could see a komodo dragon.

Vanquished Creatures
  Josephine (D:9)
  2 two-headed ogres
  Pikel (D:6)
  A necromancer (D:9)
  Maurice (D:8)
  A troll (D:9)
  4 flying skulls (D:9)
  A spriggan (D:8)
  Sigmund (D:5)
  3 wraiths (D:9)
  Grum (D:8)
  Menkaure (D:4)
  A water moccasin (D:8)
  3 ice beasts
  A slave (D:6)
  An orc warrior (D:8)
  2 sky beasts (D:9)
  3 ogres
  2 phantoms
  2 necrophages (D:9)
  4 wolves (D:8)
  A centaur (D:7)
  2 big kobolds
  A crocodile (D:7)
  6 bullfrogs
  2 water moccasin zombies
  A wyvern zombie (D:9)
  3 scorpions
  6 wights
  4 howler monkeys
  3 centaur zombies
  4 crimson imps
  A quasit (D:7)
  2 bullfrog zombies
  A jelly (D:8)
  3 hounds
  4 orc priests
  5 bullfrog skeletons
  A centaur skeleton (D:9)
  3 worker ants
  6 orc wizards
  2 killer bee zombies (D:9)
  A hound skeleton (D:9)
  11 adders
  15 gnolls
  2 shadow imps
  2 oozes
  An adder zombie (D:9)
  4 adder skeletons (D:9)
  6 worms
  6 dart slugs
  7 leopard geckos
  26 orcs
  2 ball pythons
  7 giant cockroaches
  3 goblins
  13 hobgoblins
  8 jackals
  20 kobolds
  3 quokkas (D:3)
  7 bats
  6 frilled lizards
  A jackal zombie (D:9)
  A leopard gecko skeleton (D:9)
  A quokka skeleton (D:7)
  6 rats
257 creatures vanquished.

Vanquished Creatures (others)
  A bullfrog skeleton (D:6)
  2 plants (D:9)
3 creatures vanquished.

Grand Total: 260 creatures vanquished

Notes
Turn   | Place    | Note
-------+----------+-------------------------------------------
     0 | D:1      | Mgcat the Barachi Fighter began the quest for the Orb.
     0 | D:1      | Reached XP level 1. HP: 18/18 MP: 1/1
    55 | D:1      | Reached XP level 2. HP: 24/24 MP: 2/2
    57 | D:1      | Reached skill level 3 in Axes
   303 | D:1      | Reached XP level 3. HP: 27/29 MP: 3/3
   481 | D:1      | Reached skill level 4 in Axes
   829 | D:1      | HP: 7/29 [poisoned by an adder]
   837 | D:1      | HP: 6/29 [poisoned by an adder]
  1129 | D:2      | Found an opulent altar of Gozag.
  1132 | D:2      | Found a burning altar of Makhleb.
  1150 | D:2      | Reached XP level 4. HP: 32/36 MP: 4/4
  1337 | D:2      | Found an ancient bone altar of Kikubaaqudgha.
  1338 | D:2      | Found a sacrificial altar of Ru.
  1338 | D:2      | Found a shadowy altar of Dithmenos.
  1426 | D:2      | Reached skill level 5 in Axes
  1737 | D:2      | Found a white marble altar of Elyvilon.
  1739 | D:2      | Found a deep blue altar of Sif Muna.
  1899 | D:3      | Reached XP level 5. HP: 31/41 MP: 5/5
  2372 | D:3      | Reached skill level 6 in Axes
  2805 | D:4      | Found a staircase to the Ecumenical Temple.
  2820 | Temple   | Entered the Ecumenical Temple
  2895 | Temple   | Became a worshipper of Warmaster Okawaru
  2920 | D:4      | Reached XP level 6. HP: 40/47 MP: 6/6
  2931 | D:4      | Found a shattered altar of Ashenzari.
  3234 | D:4      | HP: 9/47 [gnoll/halberd (5)]
  3235 | D:4      | HP: 3/47 [gnoll/halberd (7)]
  3236 | D:4      | Reached skill level 7 in Axes
  3690 | D:4      | Found a glowing silver altar of Zin.
  3702 | D:4      | Noticed Menkaure
  3709 | D:4      | Killed Menkaure
  3709 | D:4      | Reached skill level 8 in Axes
  3709 | D:4      | Reached XP level 7. HP: 39/52 MP: 7/7
  3861 | D:4      | Found a sparkling altar of Nemelex Xobeh.
  4074 | D:5      | Entered Level 5 of the Dungeon
  4135 | D:5      | Noticed Sigmund
  4147 | D:5      | Killed Sigmund
  4147 | D:5      | Reached skill level 9 in Axes
  4157 | D:5      | HP: 13/52 [poisoned by Sigmund]
  4163 | D:5      | HP: 10/52 [poisoned by Sigmund]
  4170 | D:5      | HP: 8/52 [poisoned by Sigmund]
  4177 | D:5      | HP: 7/52 [poisoned by Sigmund]
  4185 | D:5      | HP: 7/52 [poisoned by Sigmund]
  4219 | D:5      | HP: 11/52 [adder (2)]
  4361 | D:5      | Reached * piety under Okawaru
  4361 | D:5      | Reached XP level 8. HP: 30/59 MP: 8/8
  4377 | D:5      | HP: 14/59 [shadow imp (5)]
  4408 | D:5      | HP: 14/59 [crimson imp (2)]
  4411 | D:5      | Reached skill level 10 in Axes
  4786 | D:5      | Found a runed door.
  5478 | D:6      | Reached skill level 11 in Axes
  5683 | D:6      | Found a stormy altar of Qazlal.
  5712 | D:6      | Found a shadowy altar of Dithmenos.
  5761 | D:6      | Found Furu Qor's Magic Scroll Shop.
  5775 | D:6      | Reached ** piety under Okawaru
  5782 | D:6      | Bought a scroll of blinking for 97 gold pieces
  5931 | D:6      | Noticed Pikel
  5946 | D:6      | Killed Pikel
  5946 | D:6      | Reached skill level 12 in Axes
  5946 | D:6      | Reached XP level 9. HP: 43/64 MP: 9/9
  6209 | D:6      | Found a hide-covered altar of Uskayaw.
  6444 | D:7      | Got a pitted ring mail
  6450 | D:7      | Got a sheer robe
  6477 | D:6      | Identified the +0 ring mail of Etouped {rN++ Str-2} (You found it on level 7 of the Dungeon)
  6487 | D:6      | Identified the +0 robe of the Hidden Vale {rPois rN+++ Str-3 Dex-4} (You found it on level 7 of the Dungeon)
  6526 | D:7      | Identified a scroll of acquirement
  6704 | D:7      | Reached skill level 13 in Axes
  6713 | D:7      | Reached *** piety under Okawaru
  7588 | D:8      | Reached skill level 14 in Axes
  7592 | D:8      | Reached skill level 4 in Fighting
  7770 | D:8      | Reached skill level 5 in Fighting
  7770 | D:8      | Reached XP level 10. HP: 39/75 MP: 10/10
  7959 | D:8      | Noticed Grum
  7964 | D:8      | Reached skill level 4 in Armour
  8159 | D:8      | Killed Grum
  8159 | D:8      | Reached skill level 5 in Armour
  8160 | D:8      | Reached skill level 1 in Dodging
  8161 | D:8      | HP: 13/75 [wolf[Grum] (8)]
  8162 | D:8      | Reached **** piety under Okawaru
  8467 | D:8      | Reached skill level 2 in Dodging
  8470 | D:8      | Noticed a two-headed ogre
  8493 | D:8      | Killed a two-headed ogre
  8493 | D:8      | Reached skill level 4 in Dodging
  8705 | D:8      | Reached skill level 5 in Dodging
  8741 | D:8      | Reached skill level 1 in Invocations
  9229 | D:8      | Reached skill level 2 in Invocations
  9258 | D:8      | Found Xuaw Mui's Antique Armour Shop.
  9267 | D:8      | Bought a spiked ring mail for 324 gold pieces
  9277 | D:8      | Identified the +4 ring mail of the Arcane {*Slow rC+++ Regen+ Str+5} (You bought it in a shop on level 8 of the Dungeon)
  9309 | D:8      | Noticed Maurice
  9582 | D:8      | Killed Maurice
  9582 | D:8      | Reached skill level 3 in Invocations
  9618 | D:8      | Got a translucent shield
  9624 | D:8      | Identified the cursed -1 shield of Least Resistance {Dex+2} (You found it on level 8 of the Dungeon)
  9708 | D:9      | Found a radiant altar of Vehumet.
  9828 | D:9      | Reached skill level 4 in Invocations
  9860 | D:9      | Reached ***** piety under Okawaru
  9888 | D:9      | Reached skill level 5 in Invocations
  9917 | D:9      | Reached skill level 1 in Throwing
  9920 | D:9      | Reached skill level 2 in Throwing
  9964 | D:9      | Reached skill level 3 in Throwing
  9964 | D:9      | Reached XP level 11. HP: 68/80 MP: 14/14
  9979 | D:9      | Noticed Josephine
  9992 | D:9      | Noticed a necromancer
 10002 | D:9      | Killed Josephine
 10002 | D:9      | Reached skill level 5 in Throwing
 10013 | D:9      | Killed a necromancer
 10114 | D:9      | Noticed a two-headed ogre
 10118 | D:9      | Killed a two-headed ogre
 10118 | D:9      | Received a gift from Okawaru
 10223 | D:9      | Found Usotatec's Food Shop.
 10245 | D:9      | Found a staircase to the Lair.
 10267 | D:9      | HP: 20/80 [troll (9)]
 10287 | D:9      | HP: 16/80 [komodo dragon (21)]
 10288 | D:9      | HP: 3/80 [komodo dragon (13)]
 10328 | D:9      | HP: 4/80 [komodo dragon (27)]
 10333 | D:8      | Mangled by a komodo dragon

Vault maps used:
D:1:      ncdulo_smallfort
D:2:      nicolae_overflow_hidden_temple, grunt_temple_overflow_open,
          minmay_pentomino_w2
D:3:      minmay_joined_circles
D:4:      cheibrodos_thug_alley, zin_statuary, old_standard_altar,
          minmay_temple_entry_mist, first_ration, nemelex_dance_club_becter,
          uniq_menkaure
D:5:      serial_glass, glass_columns_b, glass_columns_b,
          uniq_crazy_yiuf_cottage, uniq_sigmund
D:6:      kennysheep_mini_moat, lemuel_doored_altar, serial_shops, shop,
          basic_altar, uniq_pikel
D:8:      serial_shops, shop_fountains, the_bakery, uniq_maurice, uniq_grum
D:9:      hangedman_screamer, david_lair_shrubbed, orc_0_dummy, serial_shops,
          shop_statue, basic_altar, kennysheep_nub, grunt_decor_fettered,
          minmay_misc_feat_square
Temple:   jpeg_temple_clearing

Skill      XL: |  1  2  3  4  5  6  7  8  9 10 11 |
---------------+----------------------------------+-----
Axes           | 3 4 5 6 8 9 12 14 | 14.9
Fighting       | 5 |  5.6
Armour         | 5 |  5.4
Dodging        | 5 |  5.0
Invocations    | 5 |  5.2
Throwing       | 3 5 |  5.0
Shields        | |  3.3

Action                   |  1- 3 |  4- 6 |  7- 9 | 10-12 || total
-------------------------+-------+-------+-------+-------++-------
Melee: War axe           |    93 |   224 |   362 |   392 ||  1071
       Unarmed           |       |       |       |    20 ||    20
       Punch             |       |       |       |     1 ||     1
Throw: Javelin           |       |       |       |     3 ||     3
Invok: Heroism           |       |       |     3 |     6 ||     9
       Finesse           |       |       |       |     1 ||     1
 Abil: Hop               |       |       |     1 |     1 ||     2
  Use: Scroll            |     4 |     1 |    14 |     1 ||    20
       Potion            |       |     3 |     3 |     3 ||     9
  Eat: Chunk             |     1 |     9 |    23 |    11 ||    44
       Ration            |       |       |     1 |       ||     1
Armor: Scale mail        |    59 |   151 |   170 |    17 ||   397
       Ring mail         |       |       |       |    96 ||    96
       Chain mail        |       |       |       |    14 ||    14
Dodge: Dodged            |    56 |   136 |   139 |   200 ||   531
Block: Shield            |     2 |       |       |       ||     2

Table legend:
 A = Spawn XP
 B = Non-spawn XP
 C = Spawn XP percentage of total XP
 D = Spawn monster count
 E = Non-spawn monster count
 F = Spawn count percentage of total count
 G = Total turns spent on level
                    A         B        C        D         E        F      G
               +---------+---------+-------+---------+---------+-------+---------
         Total |       0 |   13563 |   0.0 |       0 |     256 |   0.0 | 10333
               +---------+---------+-------+---------+---------+-------+---------
           D:1 |       0 |      56 |   0.0 |       0 |      25 |   0.0 |  1006
           D:2 |       0 |      84 |   0.0 |       0 |      20 |   0.0 |   822
           D:3 |       0 |     113 |   0.0 |       0 |      34 |   0.0 |   841
           D:4 |       0 |     516 |   0.0 |       0 |      29 |   0.0 |  1313
           D:5 |       0 |     738 |   0.0 |       0 |      13 |   0.0 |  1159
           D:6 |       0 |    1340 |   0.0 |       0 |      16 |   0.0 |  1238
           D:7 |       0 |    1331 |   0.0 |       0 |      30 |   0.0 |  1749
           D:8 |       0 |    3275 |   0.0 |       0 |      40 |   0.0 |  1458
           D:9 |       0 |    6110 |   0.0 |       0 |      49 |   0.0 |   655
               +---------+---------+-------+---------+---------+-------+---------

Vault maps used:
D:1:      ncdulo_smallfort
D:2:      nicolae_overflow_hidden_temple, grunt_temple_overflow_open,
          minmay_pentomino_w2
D:3:      minmay_joined_circles
D:4:      cheibrodos_thug_alley, zin_statuary, old_standard_altar,
          minmay_temple_entry_mist, first_ration, nemelex_dance_club_becter,
          uniq_menkaure
D:5:      serial_glass, glass_columns_b, glass_columns_b,
          uniq_crazy_yiuf_cottage, uniq_sigmund
D:6:      kennysheep_mini_moat, lemuel_doored_altar, serial_shops, shop,
          basic_altar, uniq_pikel
D:8:      serial_shops, shop_fountains, the_bakery, uniq_maurice, uniq_grum
D:9:      hangedman_screamer, david_lair_shrubbed, orc_0_dummy, serial_shops,
          shop_statue, basic_altar, kennysheep_nub, grunt_decor_fettered,
          minmay_misc_feat_square
Temple:   jpeg_temple_clearing

Table legend:
 A = Turns spent in this place as a percentage of turns spent in the entire game.
 B = Non-inter-level travel turns spent in this place as a percentage of non-inter-level travel turns spent in the entire game.
 C = Inter-level travel turns spent in this place as a percentage of turns spent in this place.
 D = Turns resting spent in this place as a percentage of non-inter-level travel turns spent in this place.
 E = Turns spent auto-exploring this place as a percentage of non-inter-level travel turns spent in this place.
 F = Non-inter-level travel turns spent in this place divided by the number of levels of this place that you've seen.
                   A       B       C       D       E      F
               +-------+-------+-------+-------+-------+----------------------
         Total | 100.0 | 100.0 |   4.3 |   3.6 |  74.0 | 988.6
       Dungeon |  99.1 |  99.2 |   4.2 |   3.6 |  73.8 | 1089.9
        Temple |   0.9 |   0.8 |  16.3 |   0.0 |  93.5 |  77.0
               +-------+-------+-------+-------+-------+----------------------

Table legend:
 A = Kills in this place as a percentage of kills in entire the game.
 B = Kills by you in this place as a percentage of kills by you in the entire game.
 C = Kills by friends in this place as a percentage of kills by friends in the entire game.
 D = Other kills in this place as a percentage of other kills in the entire game.
 E = Experience gained in this place as a percentage of experience gained in the entire game.
 F = Experience gained in this place divided by the number of levels of this place that you have seen.
                   A       B       C       D       E      F
               +-------+-------+-------+-------+-------+----------------------
         Total | 100.0 | 100.0 |   N/A |   N/A | 100.0 | 1356.3
       Dungeon | 100.0 | 100.0 |   N/A |   N/A | 100.0 | 1507.0
               +-------+-------+-------+-------+-------+----------------------
